 Dungeon Crawl Stone Soup version 0.13-a0-1585-g6f4f798 (webtiles) character file.

4352 NovicePlayer the Severer (level 10, -11/80 (81) HPs)
             Began as a Hill Orc Fighter on June 12, 2013.
             Was a Priest of Beogh.
             Killed by the air
             ... invoked by Gastronok
              (41 damage)
             ... on Level 8 of the Dungeon.
             The game lasted 00:55:21 (7390 turns).

NovicePlayer the Severer (Hill Orc Fighter)         Turns: 7390, Time: 00:55:21

HP -11/80 (81)   AC 19     Str 23      XL: 10   Next: 24%
MP   9/9         EV  5     Int  8      God: Beogh [***...]
Gold 323         SH 22     Dex 10      Spells:  0 memorised,  9 levels left

Res.Fire  : . . .   See Invis. : .   b - +0,+1 orc hand axe
Res.Cold  : . . .   Warding    : .   A - +1 orc chain mail
Life Prot.: . . .   Conserve   : .   c - +0 orc shield
Res.Poison: +       Res.Corr.  : .   M - +2 wizard hat
Res.Elec. : .       Clarity    : .   O - +2 cloak {rPois}
Sust.Abil.: . .     Spirit.Shd : .   r - +0 pair of elf gauntlets
Res.Mut.  : .       Stasis     : .   L - +0 pair of boots
Res.Rott. : .       Flight     : .   (no amulet)
Saprovore : + . .                    K - ring of teleport control
                                     I - ring of regeneration

@: slowed, very slow, somewhat resistant to hostile enchantments, extremely
unstealthy
A: saprovore 1
a: Smiting, Renounce Religion, Evoke Teleport Control


You were on level 8 of the Dungeon.
You worshipped Beogh.
Beogh was greatly pleased with you.
You were not hungry.

You visited 2 branches of the dungeon, and saw 9 of its levels.

You collected 454 gold pieces.
You spent 151 gold pieces at shops.

Inventory:

Hand weapons
 b - a +0,+1 orcish hand axe (weapon)
Armour
 c - a +0 orcish shield (worn)
 r - a +0 pair of elven gauntlets (worn)
 A - a +1 orcish chain mail (worn)
 L - a +0 pair of boots (worn)
 M - a +2 wizard hat (worn)
 O - a +2 cloak of poison resistance (worn)
Magical devices
 e - a wand of cold (6)
 m - a wand of slowing (7) {unknown}
 C - a wand of hasting (3)
 D - a wand of teleportation (4)
 F - a wand of heal wounds (2)
 H - a wand of cold (4)
Comestibles
 d - 2 meat rations
 f - 2 pears
 n - an apple
 v - 2 chokos
 w - 4 bread rations
 B - a sausage
 J - a slice of pizza
Scrolls
 a - a scroll of blinking
 g - a scroll of enchant armour {unknown}
 h - 7 scrolls of teleportation
 i - a scroll of magic mapping
 l - 5 scrolls of remove curse
 o - a scroll of recharging {unknown}
 p - a scroll of immolation {unknown}
 q - 2 scrolls of noise {unknown}
 y - a scroll of fog
Jewellery
 u - an uncursed ring of flight
 I - a ring of regeneration (left hand)
 K - a ring of teleport control (right hand)
Potions
 j - 2 potions of speed
 k - 6 potions of curing
 s - a potion of invisibility
 t - 2 potions of mutation
 x - a potion of flight
 z - a potion of heal wounds {unknown}
 E - a potion of might {unknown}
 N - a potion of restore abilities {unknown}


   Skills:
 + Level 5.3 Fighting
 - Level 16.0 Axes
 - Level 3.2 Armour
 + Level 4.3 Shields


You had 9 spell levels left.
You didn't know any spells.

Dungeon Overview and Level Annotations

Branches:
Dungeon (8/27)             Temple (1/1) D:7
    Orc: D:6-11        Lair: D:8-13

Altars:
Yredelemnul
Zin

Shops:
D:8: *

Annotations
D:7 Duvessa
D:8 Gastronok


Innate Abilities, Weirdness & Mutations

You can tolerate rotten meat.


Message History

You hit Gastronok.
Gastronok is heavily wounded.
Gastronok waves his eye-stalks in wide circles.
The air twists around and strikes you!
You hit Gastronok.
Gastronok is heavily wounded.
You slash Gastronok!
Gastronok is severely wounded.
Gastronok bites you!
You slash Gastronok!
Gastronok is severely wounded.
Gastronok bites you!
You slash Gastronok!
Gastronok is severely wounded.
You hit Gastronok.
Gastronok is severely wounded.
Gastronok waves his eye-stalks in wide circles.
The air twists around and strikes you!
Ouch! That really hurt!
You die...

#...#########.#
#.............#
#.............######
#...................
#.#######...###########.....
#...........# #.....
..#########.# #.....
#.#########+#.....
#@................
#j....######...... #.....#
#..#### #.....# #..# #.....#
#..# #.....# #..# ###
#.....# #..# .... ......#
#..# #..# ####..# #..#


You could see Gastronok.

Vanquished Creatures
  A cyclops (D:6)
  A human skeleton (D:7)
  2 hungry ghosts (D:7)
  A necrophage (D:8)
  Menkaure (D:6)
  2 orc warriors (D:7)
  An ice beast (D:7)
  A hippogriff zombie (D:6)
  5 ogres
  4 centaurs
  A crocodile (D:8)
  A centaur zombie (D:6)
  A giant frog (D:6)
  Blork the orc (D:5)
  A water moccasin (D:7)
  A water moccasin skeleton (D:4)
  An eye of draining (D:8)
  A killer bee zombie (D:7)
  Dowan (D:7)
  5 crimson imps
  A big fish (D:7)
  A gnoll shaman (D:7)
  5 orc priests
  An ogre skeleton (D:5)
  2 worker ants
  3 hounds
  An iguana (D:4)
  3 orc wizards
  3 scorpions
  A worker ant zombie (D:6)
  Ijyb (D:4)
  11 gnolls
  15 adders
  An adder skeleton (D:7)
  3 giant mites
  A human (D:7)
  6 worms
  2 giant eyeballs
  An ooze (D:2)
  26 orcs
  5 ball pythons
  12 bats
  6 giant cockroaches
  8 hobgoblins
  4 jackals
  6 giant geckos
  6 giant newts
  13 goblins
  2 goblin skeletons (D:7)
  12 kobolds
  A kobold skeleton (D:4)
  A kobold zombie (D:7)
  An orc skeleton (D:6)
  5 quokkas
  10 rats
  A rat skeleton (D:6)
  13 ballistomycetes (D:7)
227 creatures vanquished.

Vanquished Creatures (collateral kills)
  A ballistomycete (D:7)
1 creature vanquished.

Vanquished Creatures (others)
  An orc warrior (D:7)
  An orc (D:7)
  A giant spore (D:7)
  A goblin (D:5)
  A rat (D:7)
5 creatures vanquished.

Grand Total: 233 creatures vanquished

Notes
Turn   | Place    | Note
--------------------------------------------------------------
     0 | D:1      | NovicePlayer, the Hill Orc Fighter, began the quest for the Orb.
     0 | D:1      | Reached XP level 1. HP: 19/19 MP: 0/0
   153 | D:1      | Reached skill level 4 in Fighting
   153 | D:1      | Reached XP level 2. HP: 27/27 MP: 1/1
   342 | D:1      | Reached XP level 3. HP: 33/33 MP: 2/2
   856 | D:2      | Reached skill level 5 in Axes
   906 | D:2      | Reached XP level 4. HP: 35/40 MP: 3/3
  1484 | D:3      | Reached skill level 6 in Axes
  1484 | D:3      | Reached XP level 5. HP: 37/46 MP: 4/4
  2013 | D:4      | Noticed Ijyb
  2016 | D:4      | Reached skill level 7 in Axes
  2044 | D:4      | Killed Ijyb
  2068 | D:4      | Reached XP level 6. HP: 16/53 MP: 5/5
  2292 | D:4      | Reached skill level 8 in Axes
  3044 | D:4      | Paralysed by a giant eyeball for 2 turns
  3092 | D:4      | Reached skill level 9 in Axes
  3134 | D:4      | Reached XP level 7. HP: 44/59 MP: 6/6
  3272 | D:4      | Noticed an ogre
  3284 | D:4      | Killed an ogre
  3452 | D:4      | Found a glowing silver altar of Zin.
  3601 | D:4      | Became a worshipper of Beogh the Brigand
  3635 | D:4      | Reached skill level 10 in Axes
  3874 | D:5      | Entered Level 5 of the Dungeon
  4211 | D:5      | Reached skill level 11 in Axes
  4289 | D:5      | Reached XP level 8. HP: 67/67 MP: 7/7
  4369 | D:5      | Noticed Blork the orc
  4507 | D:5      | Killed Blork the orc
  4684 | D:6      | Acquired Beogh's first power
  4711 | D:6      | Noticed Menkaure
  4727 | D:6      | Killed Menkaure
  4727 | D:6      | Reached skill level 12 in Axes
  5180 | D:6      | Noticed a cyclops
  5199 | D:6      | Reached skill level 13 in Axes
  5207 | D:6      | Killed a cyclops
  5207 | D:6      | Reached XP level 9. HP: 50/72 MP: 8/8
  5315 | D:7      | Reached skill level 14 in Axes
  5652 | D:7      | Acquired Beogh's second power
  5690 | D:7      | Found a basalt altar of Yredelemnul.
  6019 | D:7      | Noticed Dowan
  6047 | D:7      | Killed Dowan
  6052 | D:7      | Reached skill level 15 in Axes
  6061 | D:7      | Noticed Duvessa
  6565 | D:7      | Found a staircase to the Ecumenical Temple.
  6602 | D:7      | Acquired Beogh's third power
  6619 | Temple   | Entered the Ecumenical Temple
  6719 | D:7      | Reached XP level 10. HP: 80/80 MP: 9/9
  6942 | D:7      | Reached skill level 16 in Axes
  7193 | D:8      | Reached skill level 5 in Fighting
  7208 | D:8      | Found Qyusydyu's Assorted Antiques.
  7225 | D:8      | Bought a scroll of identify for 62 gold pieces
  7225 | D:8      | Bought a runed cloak for 31 gold pieces
  7225 | D:8      | Bought a scroll labeled FRESYU SOWAT for 31 gold pieces
  7225 | D:8      | Bought a fizzy orange potion for 27 gold pieces
  7370 | D:8      | Noticed Gastronok
  7390 | D:8      | Killed from afar by Gastronok

Action                   |  1- 3 |  4- 6 |  7- 9 | 10-12 || total
-------------------------+-------+-------+-------+-------++-------
Melee: Hand axe          |   132 |   294 |   480 |   151 ||  1057
Invok: Convert to Beogh  |       |       |     1 |       ||     1
Evoke: Wand              |       |       |     7 |     3 ||    10
  Use: Potion            |       |     2 |       |     1 ||     3
       Scroll            |       |       |    17 |     1 ||    18
 Stab: Invisible         |       |     4 |       |       ||     4
       Distracted        |       |       |     1 |       ||     1
